 Dungeon Crawl Stone Soup version 0.17-a0-1767-gccbed74 (webtiles) character file.

354 Rationalist the Shield-Bearer (level 6, -2/49 HPs)
             Began as a Formicid Fighter on Sept 6, 2015.
             Was a Follower of Qazlal.
             Slain by a gnoll (4 damage)
             ... on level 3 of the Dungeon.
             The game lasted 00:05:30 (3475 turns).

Rationalist the Shield-Bearer (Formicid Fighter)    Turns: 3475, Time: 00:05:30

Health: -2/49      AC:  3    Str: 19    XL:     6   Next: 95%
Magic:  6/6        EV: 11    Int:  7    God:    Qazlal [*.....]
Gold:   84         SH: 11    Dex: 10    Spells: 0 memorised, 5 levels left

rFire  x x .     SeeInvis +     a - +0 war axe
rCold  + + .     Clarity  .     j - +0 leather armour (curse)
rNeg   . . .     SustAt   .     c - +0 shield
rPois  .         Gourm    .     (helmet unavailable)
rElec  .         Spirit   .     (no cloak)
rCorr  .         Warding  .     (no gloves)
rMut   .         Stasis   +     (no boots)
MR     .....                    (no amulet)
Stlth  +.........               t - ring of ice
                                q - ring of ice

@: not resistant to hostile enchantments, very unstealthy
A: permanent stasis, dig shafts and tunnels, four strong arms, antennae 3,
clumsy 1, weak 1, wild magic 1
a: Dig, Shaft Self, Renounce Religion


You were on level 3 of the Dungeon.
You worshipped Qazlal.
Qazlal was aware of your devotion.
You were hungry.

You visited 1 branch of the dungeon, and saw 3 of its levels.

You collected 84 gold pieces.

Inventory:

Hand weapons
 a - a +0 war axe (weapon)
Missiles
 l - 11 sling bullets
 s - 26 bolts
Armour
 c - a +0 shield (worn)
 j - a cursed +0 leather armour (worn)
Jewellery
 q - a ring of ice (left hand)
 t - a ring of ice (right hand)
Magical devices
 p - a wand of magic darts (36)
 u - a wand of slowing (28)
 x - a wand of paralysis (10)
Scrolls
 f - a scroll of teleportation {unknown}
 g - a scroll of fear {unknown}
 i - 2 scrolls of identify {unknown}
 k - a scroll of recharging {unknown}
 r - 4 scrolls of remove curse {unknown}
Potions
 b - a potion of mutation
 h - 2 potions of haste
 n - a potion of brilliance {unknown}
 z - a potion of cancellation {unknown}
 B - a potion of flight {unknown}
Comestibles
 d - a chunk of flesh
 e - 5 bread rations
 o - 4 fruits
 v - a meat ration
 w - a royal jelly
 A - a beef jerky


   Skills:
 + Level 4.5 Fighting
 + Level 3.2 Axes
 + Level 4.1 Armour
 + Level 3.1 Dodging
 + Level 5.0 Shields


You had 5 spell levels left.
You didn't know any spells.

Dungeon Overview and Level Annotations

Branches:
Dungeon (3/15)

Altars:
Cheibriados
Dithmenos
Nemelex Xobeh
Okawaru
Qazlal
Xom


Innate Abilities, Weirdness & Mutations

You are under a permanent stasis effect.
You can dig through walls and to a lower floor.
Your four strong arms can wield two-handed weapons with a shield.
You have a pair of large antennae on your head (SInv).
You are clumsy. (Dex -2)
You are weak. (Str -2)
Your spells are a little harder to cast, but a little more powerful.


Message History

You hit the gnoll.
The gnoll is lightly wounded.
You block the gnoll's attack. The gnoll hits you. You block the gnoll's attack.
The gnoll hits you.
* * * LOW HITPOINT WARNING * * *
Use which ability?
You extend your mandibles.
You dig through the rock wall.
You block the gnoll's attack.
You dig through the rock wall.
You dig through the rock wall.
You retract your mandibles.
You hit the gnoll.
The gnoll is heavily wounded.
The gnoll hits you.
* * * LOW HITPOINT WARNING * * *
You hit the gnoll.
The gnoll is almost dead.
The gnoll hits you!
* * * LOW HITPOINT WARNING * * *
The gnoll hits you.
You die...

(..........(..#
#..........#).# #
#.##...#.#.#).####.#
#..................#
(..................#
...#.....#....######
...#.....#...gg##
...#.........{#g##
.........#.#.g##@#
.#.........#..####
.#.####........
.#...>.....#..#
...........#..#
.#..###....#..
.#.......#.
.#..###..# ..... ..


You could see 3 gnolls.

Vanquished Creatures
  Sigmund (D:3)
  A hound skeleton (D:3)
  5 gnolls (D:3)
  4 adders
  An ooze (D:3)
  5 worms
  2 orcs (D:3)
  4 giant cockroaches
  7 goblins
  9 hobgoblins
  10 jackals
  3 quokkas
  6 bats
  3 giant newts
  11 kobolds
  10 rats
82 creatures vanquished.

Notes
Turn   | Place    | Note
--------------------------------------------------------------
     0 | D:1      | Rationalist the Formicid Fighter began the quest for the Orb.
     0 | D:1      | Reached XP level 1. HP: 18/18 MP: 1/1
   156 | D:1      | Reached XP level 2. HP: 18/24 MP: 2/2
   370 | D:1      | Reached XP level 3. HP: 19/29 MP: 3/3
  1015 | D:2      | Reached skill level 1 in Dodging
  1117 | D:2      | Reached skill level 4 in Shields
  1117 | D:2      | Reached XP level 4. HP: 20/37 MP: 4/4
  2275 | D:2      | Found a shimmering altar of Xom.
  2275 | D:2      | Found a shimmering altar of Xom.
  2275 | D:2      | Found a shimmering altar of Xom.
  2277 | D:2      | Found a shimmering altar of Xom.
  2277 | D:2      | Found a shimmering altar of Xom.
  2279 | D:2      | Found a shimmering altar of Xom.
  2337 | D:2      | Found a stormy altar of Qazlal.
  2345 | D:2      | Became a worshipper of Qazlal Stormbringer
  2485 | D:3      | Reached XP level 5. HP: 26/42 MP: 5/5
  2733 | D:3      | Found a snail-covered altar of Cheibriados.
  2923 | D:3      | Found an iron altar of Okawaru.
  2927 | D:3      | Found a shadowy altar of Dithmenos.
  3118 | D:3      | Found a sparkling altar of Nemelex Xobeh.
  3191 | D:3      | Noticed Sigmund
  3205 | D:3      | Acquired Qazlal's first power
  3207 | D:3      | Killed Sigmund
  3207 | D:3      | Reached XP level 6. HP: 17/49 MP: 6/6
  3440 | D:3      | Reached skill level 5 in Shields
  3468 | D:3      | Gained mutation: Your spells are a little harder to cast, but a little more powerful. [potion of mutation]
  3468 | D:3      | Gained mutation: You are weak. (Str -2) [potion of mutation]
  3468 | D:3      | Gained mutation: You are clumsy. (Dex -2) [potion of mutation]
  3475 | D:3      | HP: 2/49 [gnoll (7)]
  3475 | D:3      | Slain by a gnoll

Vault maps used:
D:1:      matt_arrival_los_fun
D:2:      xom_redecorated, nicolae_qazlal_eye_of_the_storm
D:3:      cheibriados_altar_wand_db, grunt_temple_overflow_diamond, first_bread,
          minmay_misc_feat_pillars, st_stairs_14, uniq_sigmund

Action                   |  1- 3 |  4- 6 || total
-------------------------+-------+-------++-------
Melee: War axe           |   115 |   150 ||   265
 Abil: Dig               |     3 |     5 ||     8
  Use: Potion            |       |     3 ||     3
  Eat: Chunk             |     1 |     8 ||     9
